 Dungeon Crawl Stone Soup version 0.28-a0-984-g3775c662fe (webtiles) character file.

Game seed: 7406182872376062892

118798 mcbry74 the Cleaver (level 16, -2/301 HPs)
             Began as a Hill Orc Fighter on Dec 3, 2021.
             Was the Champion of Okawaru.
             Slain by a tarantella (7 damage)
             ... on level 2 of the Spider Nest.
             The game lasted 03:07:09 (35164 turns).

mcbry74 the Cleaver (Hill Orc Fighter)             Turns: 35164, Time: 03:07:09

Health: -2/301     AC: 28    Str: 27    XL:     16   Next: 77%
Magic:  0/24       EV:  2    Int:  8    God:    Okawaru [******]
Gold:   994        SH:  0    Dex: 10    Spells: 15/15 levels left

rFire   . . .      SeeInvis .   n - +2 broad axe
rCold   . . .      Faith    .   s - +2 tower shield
rNeg    . . .      Spirit   +   (armour currently unavailable)
rPois   +          Reflect  .   (helmet currently unavailable)
rElec   .          Harm     .   (cloak currently unavailable)
rCorr   .          Rampage  .   (gloves currently unavailable)
Will    +....      NoTele   +   (boots currently unavailable)
Stlth   ..........              Y - brooch of Shielding {Spirit SH+8}
HPRegen 0.60/turn               D - +4 ring of evasion
MPRegen 0.19/turn               U - ring of poison resistance

@: confused, berserking, tree-form, studying 2 skills, very quick
A: stationary, stasis, torment immunity, boosted hp
a: Renounce Religion, Heroism, Finesse, Duel


You were on level 2 of the Spider Nest.
You worshipped Okawaru.
Okawaru was exalted by your worship.
You were a tree.
You visited 5 branches of the dungeon, and saw 24 of its levels.

You collected 2445 gold pieces.
You spent 1451 gold pieces at shops.

Inventory:

Hand Weapons
 n - a +2 broad axe (weapon)
 x - the +6 morningstar of Malaise {vorpal, rCorr SInv}
   (You bought it in a shop on level 2 of the Orcish Mines)

   It inflicts extra damage upon your enemies.
   SInv:      It lets you see invisible.
   rCorr:     It protects you from acid and corrosion.
 N - a +5 vorpal hunting sling
Missiles
 c - 18 javelins
 g - 15 boomerangs of dispersal
 o - a throwing net
 B - 24 poisoned darts (quivered)
 C - 10 curare-tipped darts
 M - 4 silver javelins
 W - a boomerang
Armour
 a - the +2 ring mail of Uneef {Rampage}
   (You found it on level 11 of the Dungeon)

   Rampage:   It bestows one free step when moving towards enemies.
 i - +0 acid dragon scales
 k - a +2 kite shield
 l - a +1 pair of boots of rampaging (melded)
 r - a +1 pair of gloves of stealth (melded)
 s - a +2 tower shield (worn)
 z - a +2 scale mail of fire resistance
 F - the +4 hat of Dicigiro (melded) {Fly rElec MP+9 Str-5}
   (You found it on level 2 of the Spider Nest)

   Str:       It affects your strength (-5).
   rElec:     It insulates you from electricity.
   MP:        It affects your magic capacity (+9).
   Fly:       It grants you flight.
 G - a +0 cloak (melded)
 K - a +2 plate armour of cold resistance (melded)
 O - a +2 helmet
Jewellery
 D - a +4 ring of evasion (left branch)
 H - a +6 ring of strength
 U - a ring of poison resistance (right branch)
 Y - the brooch of Shielding (around neck) {Spirit SH+8}
   (You found it on level 9 of the Dungeon)

   [amulet of guardian spirit]

   It causes incoming damage to be divided between your reserves of health and
   magic.
   SH:        It affects your SH (+8).
Wands
 f - a wand of paralysis (22)
 q - a wand of flame (31)
 w - a wand of acid (12)
 Q - a wand of polymorph (5)
 S - a wand of iceblast (21)
Scrolls
 m - 7 scrolls of fog
 p - 15 scrolls of teleportation
 t - a scroll of summoning
 y - 7 scrolls of identify
 A - a scroll of amnesia
 L - 4 scrolls of enchant armour
 T - 6 scrolls of blinking
Potions
 b - 2 potions of brilliance
 d - a potion of might
 e - a potion of ambrosia
 h - 3 potions of berserk rage
 u - 4 potions of curing
 v - 5 potions of haste
 I - a potion of mutation
 J - a potion of magic {unknown}
 X - 2 potions of flight
Miscellaneous
 j - a box of beasts
 E - a tin of tremorstones (2/2)


   Skills:
 + Level 10.1 Fighting
 - Level 14.9(18.2) Axes
 - Level 11.7(14.0) Maces & Flails
 - Level 9.2(12.1) Polearms
 + Level 9.9 Throwing
 - Level 12.5 Armour
 + Level 13.0 Shields
 + Level 11.0 Invocations
 + Level 13.1 Evocations


You had 15 spell levels left.
You didn't know any spells.
Your spell library contained the following spells:

 Spells                   Type           Power      Damage    Failure   Level
 Apportation              Tloc           0%         N/A       90%         1
 Freeze                   Ice            0%         1d3       90%         1
 Sandblast                Erth           0%         2d4       90%         1
 Slow                     Hex            0%         N/A       90%         1
 Passwall                 Tmut/Erth      0%         N/A       97%         2
 Static Discharge         Conj/Air       0%         N/A       97%         2
 Confusing Touch          Hex            0%         N/A       99%         3
 Frozen Ramparts          Ice            0%         1d2       99%         3
 Ignite Poison            Fire/Tmut/Pois 0%         N/A       99%         3
 Mephitic Cloud           Conj/Pois/Air  0%         N/A       99%         3
 Stone Arrow              Conj/Erth      0%         3d7       99%         3
 Hailstorm                Conj/Ice       0%         3d3       100%        4
 Olgreb's Toxic Radiance  Pois           0%         N/A       100%        4
 Passage of Golubria      Tloc           0%         N/A       100%        4
 Alistair's Intoxication  Tmut/Pois      0%         N/A       100%        5
 Freezing Cloud           Conj/Ice/Air   0%         6-21      100%        5
 Lightning Bolt           Conj/Air       0%         1d11      100%        5
 Yara's Violent Unravell  Hex/Tmut       0%         3d3       100%        5
 Statue Form              Tmut/Erth      0%         N/A       100%        6
 Maxwell's Capacitive Co  Air            0%         ∞         100%        8
 Tukima's Dance           Hex            Unusable   N/A       N/A         3

Dungeon Overview and Level Annotations

Branches:
Dungeon (13/15)            Temple (0/1) D:7            Lair (6/6) D:9
 Shoals (1/4) Lair:4       Spider (2/4) Lair:3        Slime (0/5) Lair:6
    Orc (2/2) D:10            Elf (0/3) Orc:2        Vaults (0/5) D:13

Altars:
Cheibriados
Dithmenos
Okawaru
Ru
Uskayaw
Wu Jian
Xom
The Shining One
Beogh

Shops:
D:4 *   D:5 =   D:7 [   Orc:2 ?([:

Portals:
Trove: D:12 (give 18 potions of curing)

Annotations:
Spider:2 3 runed translucent doors, Xitiatz's ghost, journeyman DDFi


Message History

The tarantella is severely wounded.
You slice the demonic crawler!!
The tarantella touches you but does no damage.
The demonic crawler hits you.
* * * LOW HITPOINT WARNING * * *
The demonic crawler hits you but does no damage. x2
You are too confused!
You are too confused!
A red film seems to cover your vision as you go berserk!
Your finesse ends abruptly.
You feel yourself moving faster!
You feel mighty!
The tarantella touches you but does no damage.
The demonic crawler hits you but does no damage.
The demonic crawler hits you.
* * * LOW HITPOINT WARNING * * *
The demonic crawler hits you but does no damage.
The tarantella touches you but does no damage.
You cannot move. (Use ctrl+direction or * direction to attack without moving.)
You slash the demonic crawler!
The demonic crawler is almost dead.
You hit the tarantella.
The orb spider pulsates with a strange energy.
The demonic crawler hits you but does no damage.
The demonic crawler hits you.
* * * LOW HITPOINT WARNING * * *
The demonic crawler hits you but does no damage.
The tarantella touches you.
* * * LOW HITPOINT WARNING * * *
You attack the rock wall.
The demonic crawler hits you but does no damage.
The demonic crawler hits you.
* * * LOW HITPOINT WARNING * * *
The demonic crawler hits you but does no damage.
You slice the demonic crawler!!
You kill the demonic crawler!
Okawaru accepts your kill.
You barely miss the tarantella. The tarantella touches you.
* * * LOW HITPOINT WARNING * * *
You hit the tarantella but do no damage.
The tarantella touches you!
You die...

.......###.......................
.(.......#.......................
.........#.......................
..###............##............#.
.##..............#.........##.##.
##..............###..#.....#####.
#..............##.#.##...†## #.
##.............#.s#####.†.# ##
.....#.......#.#♣†.####...# ##
.....#.......###....##...### #.
.....##..#####.##.........^# #.
....(#####........s.......## #.
#...^# *#.....s..^........# #.
#....#*#..........^.......# #.
#...##*.............###.^## #.
#####**...............#### ##
**,.....##^........# #.


You could see an orb spider (charged) and a tarantella.

Vanquished Creatures
  Rupert (D:12)
  Jorgrun (Orc:1)
  An emperor scorpion (Spider:1)
  A ghost moth (Spider:1)
  Azrael (D:12)
  Snorg (Lair:6)
  A catoblepas (Lair:6)
  6 boulder beetles
  7 hydras
  2 centaur warriors (D:13)
  An ogre mage (D:13)
  Erica (Lair:2)
  4 two-headed ogres
  7 death yaks
  A tengu warrior (D:13)
  2 orc high priests
  Sonja (D:10)
  A skeletal warrior (D:13)
  A lindwurm (Lair:5)
  4 orc knights
  An orc sorcerer (Orc:1)
  4 orb spiders
  10 wolf spiders
  4 manticores
  22 elephants
  3 merfolk sirens (Lair:4)
  3 black mambas
  2 torpor snails
  4 centaur skeletons (D:13)
  2 gargoyles
  11 cane toads
  A kobold demonologist (D:11)
  3 rime drakes
  A tengu conjurer (D:13)
  5 demonic crawlers
  16 komodo dragons
  5 trolls
  10 polar bears
  A merfolk (Lair:4)
  24 blink frogs
  15 jumping spiders
  8 hornets
  Prince Ribbit (D:8)
  4 dream sheep
  2 slime creatures
  45 redbacks
  13 spriggans (Lair:6)
  27 tarantellas
  62 yaks
  3 wyverns
  2 vampires
  6 fire elementals (D:11)
  5 wraiths
  A golden eye (shapeshifter) (D:13)
  9 vampire mosquitoes
  5 basilisks
  A warg (Orc:2)
  2 acid dragons
  2 hell hounds (D:12)
  9 water moccasins
  2 ice beasts
  2 sky beasts
  8 ogres
  3 black bears
  47 orc warriors
  4 boggarts (Lair:6)
  22 wolves
  21 centaurs
  2 phantoms (D:5)
  4 kobold brigands
  12 bullfrogs
  2 scorpions
  A water moccasin skeleton (D:4)
  A water moccasin zombie (D:5)
  8 killer bees
  8 electric eels
  3 howler monkeys (D:8)
  A bullfrog zombie (D:5)
  4 centaur zombies
  6 jellies
  2 hounds
  16 orc priests
  An iguana (D:6)
  17 orc wizards
  A mummy (D:5)
  2 howler monkey zombies
  Robin (D:3)
  4 gnolls (D:7)
  A shadow imp (D:7)
  A white imp (D:5)
  An ufetubus (D:5)
  2 worms
  82 orcs
  3 bats
  6 endoplasms
  4 giant cockroaches
  12 goblins
  7 hobgoblins
  4 jackals (D:1)
  22 kobolds
  2 quokkas
  10 ball pythons
  2 frilled lizards
  2 hobgoblin zombies (D:5)
  A kobold zombie (D:5)
  An orc zombie (D:5)
  5 rats
772 creatures vanquished.

Vanquished Creatures (others)
  An unseen horror (D:12)
  A bush (Lair:3)
  A fire vortex (Lair:1)
  48 fungi
  114 plants
165 creatures vanquished.

Grand Total: 937 creatures vanquished

Notes
Turn   | Place    | Note
-------+----------+-------------------------------------------
     0 | D:1      | mcbry74 the Hill Orc Fighter began the quest for the Orb.
     0 | D:1      | Reached XP level 1. HP: 19/19 MP: 1/1
    85 | D:1      | Reached skill level 3 in Axes
   103 | D:1      | Reached XP level 2. HP: 19/26 MP: 2/2
   371 | D:1      | Reached skill level 4 in Axes
   434 | D:1      | Found a faded altar of an unknown god.
   743 | D:1      | Reached XP level 3. HP: 31/31 MP: 3/3
  1863 | D:3      | Noticed Robin
  2134 | D:2      | Reached XP level 4. HP: 39/39 MP: 4/4
  2220 | D:3      | Killed Robin
  2221 | D:3      | Reached skill level 5 in Axes
  2270 | D:3      | Found a sacrificial altar of Ru.
  2473 | D:3      | Noticed a kobold brigand
  2504 | D:3      | Killed a kobold brigand
  2505 | D:3      | Reached skill level 6 in Axes
  2505 | D:3      | Reached XP level 5. HP: 31/45 MP: 5/5
  2594 | D:3      | Noticed a kobold brigand
  2617 | D:3      | Killed a kobold brigand
  2809 | D:3      | Reached XP level 6. HP: 44/45 MP: 6/6
  3037 | D:3      | Found a glowing golden altar of the Shining One.
  3037 | D:3      | Found an iron altar of Okawaru.
  3037 | D:3      | Found a snail-covered altar of Cheibriados.
  3055 | D:3      | Became a worshipper of Warmaster Okawaru
  3372 | D:4      | Found Woqo's Overcharged Wands.
  3745 | D:4      | Reached skill level 7 in Axes
  3745 | D:4      | Reached skill level 5 in Armour
  3979 | D:5      | Entered Level 5 of the Dungeon
  4062 | D:5      | Noticed a sky beast
  4204 | D:5      | Killed a sky beast
  4205 | D:5      | Reached XP level 7. HP: 39/57 MP: 7/7
  4563 | D:5      | Reached * piety under Okawaru
  4622 | D:5      | Reached skill level 1 in Invocations
  4701 | D:5      | Found Sezekhos's Jewellery Shoppe.
  4708 | D:5      | Reached skill level 8 in Axes
  4736 | D:5      | Reached skill level 1 in Maces & Flails
  4736 | D:5      | Reached skill level 1 in Polearms
  5234 | D:6      | Reached XP level 8. HP: 64/64 MP: 9/9
  5502 | D:6      | Reached ** piety under Okawaru
  5750 | D:6      | Reached skill level 5 in Shields
  5756 | D:6      | Found a shadowy altar of Dithmenos.
  6457 | D:7      | Found Sinofo's Antique Armour Shoppe.
  6483 | D:7      | Bought a glowing helmet for 217 gold pieces
  6584 | D:7      | Found a staircase to the Ecumenical Temple.
  6624 | D:7      | Found an ornate altar of the Wu Jian Council.
  6961 | D:7      | Reached skill level 9 in Axes
  7296 | D:7      | Reached XP level 9. HP: 57/70 MP: 12/12
  8009 | D:8      | Got the Handbook of Mutagenic Toxins
  8274 | D:5      | Bought a ring of poison resistance for 280 gold pieces
  8550 | D:8      | Noticed Prince Ribbit
  8571 | D:8      | Killed Prince Ribbit
  8571 | D:8      | Reached *** piety under Okawaru
  8584 | D:8      | Reached skill level 5 in Invocations
  9555 | D:9      | Noticed a hornet
  9570 | D:9      | Killed a hornet
 10002 | D:9      | Reached skill level 5 in Polearms
 10006 | D:9      | Reached **** piety under Okawaru
 10007 | D:9      | Reached skill level 10 in Axes
 10007 | D:9      | Reached XP level 10. HP: 51/77 MP: 12/14
 10008 | D:9      | Reached skill level 5 in Maces & Flails
 10172 | D:9      | Found a staircase to the Lair.
 10830 | D:9      | Found the brooch of Shielding {Spirit SH+8}
 10968 | D:10     | Entered Level 10 of the Dungeon
 11320 | D:10     | Noticed Sonja
 11787 | D:10     | Killed Sonja
 12443 | D:10     | Found a staircase to the Orcish Mines.
 12455 | D:10     | Found a roughly hewn altar of Beogh.
 12825 | D:10     | Reached ***** piety under Okawaru
 13220 | Lair:1   | Entered Level 1 of the Lair of Beasts
 13335 | Lair:1   | Noticed a four-headed hydra
 13344 | Lair:1   | Killed a four-headed hydra
 13345 | Lair:1   | Reached skill level 11 in Axes
 13345 | Lair:1   | Reached XP level 11. HP: 59/82 MP: 6/16
 13535 | Lair:1   | You fall into a shaft and drop 1 floor!
 13980 | Lair:1   | Received a gift from Okawaru
 14165 | Lair:1   | Reached skill level 5 in Throwing
 14165 | Lair:1   | Reached XP level 12. HP: 90/90 MP: 18/18
 15612 | Lair:2   | Noticed Erica
 15690 | Lair:2   | Killed Erica
 15904 | Lair:2   | Noticed a seven-headed hydra
 15916 | Lair:2   | Killed a seven-headed hydra
 15917 | Lair:2   | Noticed a four-headed hydra
 15926 | Lair:2   | Reached skill level 12 in Axes
 15940 | Lair:2   | Killed a four-headed hydra
 15982 | Lair:2   | Received a gift from Okawaru
 16064 | Lair:2   | Noticed a seven-headed hydra
 16075 | Lair:2   | Killed a seven-headed hydra
 16076 | Lair:2   | Reached XP level 13. HP: 57/95 MP: 11/19
 16421 | Lair:2   | Found a transporter.
 16422 | Lair:2   | Found a transporter.
 17406 | Lair:2   | Received a gift from Okawaru
 18005 | Lair:3   | Received a gift from Okawaru
 18132 | Lair:3   | Found a hole to the Spider Nest.
 18215 | Lair:2   | Reached ****** piety under Okawaru
 18627 | Lair:3   | Received a gift from Okawaru
 18646 | Lair:2   | Reached skill level 10 in Armour
 18959 | Lair:3   | Reached skill level 13 in Axes
 19227 | Lair:3   | Received a gift from Okawaru
 19560 | Lair:3   | Reached skill level 10 in Invocations
 19840 | Lair:3   | Identified a scroll of acquirement
 19840 | Lair:3   | Acquired a manual of Evocations
 19878 | Lair:4   | Found a staircase to the Shoals.
 20001 | Lair:4   | Received a gift from Okawaru
 20022 | Lair:4   | Found a hide-covered altar of Uskayaw.
 20239 | Lair:4   | Reached XP level 14. HP: 50/104 MP: 7/21
 20245 | Lair:4   | Received a gift from Okawaru
 21772 | Lair:5   | Reached skill level 5 in Fighting
 22178 | Lair:6   | Entered Level 6 of the Lair of Beasts
 22209 | Lair:5   | Reached skill level 10 in Shields
 22476 | Lair:6   | Identified the +2 robe of Fisemoeg {rElec rC+} (Okawaru
                  | gifted it to you on level 6 of the Lair of Beasts)
 22476 | Lair:6   | Received a gift from Okawaru
 22526 | Lair:6   | Reached skill level 14 in Axes
 22580 | Lair:6   | Reached skill level 10 in Maces & Flails
 22716 | Lair:6   | Noticed Snorg
 22734 | Lair:6   | Killed Snorg
 23137 | Lair:6   | Found a staircase to the Slime Pits.
 23397 | Lair:6   | Reached skill level 10 in Evocations
 23436 | Lair:6   | Reached XP level 15. HP: 113/116 MP: 22/22
 24668 | Orc:1    | Entered Level 1 of the Orcish Mines
 24678 | Orc:1    | Noticed Jorgrun
 24706 | Orc:1    | Killed Jorgrun
 25663 | Orc:2    | Entered Level 2 of the Orcish Mines
 25704 | Orc:2    | Paralysed by an orc sorcerer for 7 turns
 25710 | Orc:2    | HP: 5/118 [hellwing[an orc sorcerer] (1)]
 26108 | Orc:2    | Received a gift from Okawaru
 26168 | Orc:2    | Found a staircase to the Elven Halls.
 26534 | Orc:2    | Found a roughly hewn altar of Beogh.
 26728 | Orc:2    | Found Vatyleob's Weapon Boutique.
 26728 | Orc:2    | Found Aprymou's Armour Emporium.
 26730 | Orc:2    | Found Pisublot's Book Shoppe.
 26732 | Orc:2    | Found Vizep's Magic Scroll Shop.
 27037 | Orc:2    | Bought the +6 morningstar of Malaise {vorpal, rCorr SInv}
                  | for 792 gold pieces
 27039 | Orc:2    | Bought a scroll of enchant armour for 90 gold pieces
 27039 | Orc:2    | Bought a scroll of teleportation for 36 gold pieces
 27039 | Orc:2    | Bought a scroll of teleportation for 36 gold pieces
 27661 | D:11     | Identified the +2 ring mail of Uneef {Rampage}
 28467 | D:12     | Noticed Azrael
 28912 | D:12     | Killed Azrael
 29041 | D:12     | Noticed Rupert
 29042 | D:12     | Paralysed by Rupert for 3 turns
 29066 | D:12     | Killed Rupert
 29228 | D:12     | Found a portal to a secret trove of treasure.
 29343 | D:12     | Found a shimmering altar of Xom.
 29829 | D:13     | Received a gift from Okawaru
 30168 | D:13     | Reached XP level 16. HP: 127/129 MP: 23/23
 30225 | D:13     | Paralysed by an ogre mage for 6 turns
 30238 | D:13     | Received a gift from Okawaru
 30327 | D:13     | Found a gate to the Vaults.
 30985 | Shoals:1 | Entered Level 1 of the Shoals
 31043 | Spider:1 | Entered Level 1 of the Spider Nest
 31328 | Spider:1 | Received a gift from Okawaru
 31696 | Spider:1 | Acquired a manual of Shields
 31752 | Spider:1 | Received a gift from Okawaru
 32085 | Spider:1 | You fall into a shaft and drop 1 floor!
 33947 | Spider:2 | Found a runed translucent gate.
 33948 | Spider:2 | Found a runed translucent gate.
 33948 | Spider:2 | Found a runed translucent gate.
 33951 | Spider:2 | Noticed Xitiatz's ghost (journeyman DDFi)
 34668 | Spider:2 | Received a gift from Okawaru
 34705 | Spider:2 | Identified the +4 hat of Dicigiro {Fly rElec MP+9 Str-5}
 34807 | Spider:2 | Reached skill level 10 in Fighting
 35160 | Spider:2 | HP: 15/301 [demonic crawler (3)]
 35162 | Spider:2 | HP: 7/301 [demonic crawler (5)]
 35164 | Spider:2 | Slain by a tarantella

Illustrated notes

Levels and vault maps discovered:
D:1:      dpeg_arrival_signposts, layout_loops_ring,
          hellmonk_ecumenical_altar_dog_temple
D:2:      layout_basic, minmay_misc_feat_enclosed
D:3:      cheibrodos_thug_alley, layout_loops_ring,
          nicolae_ru_sacrificial_ziggurat, gammafunk_temple_overflow_forgotten,
          uniq_robin
D:4:      layout_basic, nicolae_shop_overcharged_wands
D:5:      layout_basic, nicolae_inconvenience_store, nrook_uturn,
          minmay_mini_ossuary
D:6:      layout_loops_corners, nicolae_dithmenos_through_a_glass_darkly,
          kennysheep_small_circle
D:7:      layout_basic, mainiacjoe_overflow_surrounded_room,
          minmay_temple_entry_offerings, serial_co_window_serial,
          co_window_of_opportunity_a, co_window_of_opportunity_a,
          co_window_of_opportunity_a, co_window_paths_a,
          co_window_of_opportunity_a, co_window_paths_b,
          co_window_of_opportunity_a, co_window_corner_b,
          co_window_of_opportunity_b, co_window_of_opportunity_b, co_window_sun,
          glass_columns_a, serial_shops, kennysheep_little_box
D:8:      layout_cave_pods, uniq_prince_ribbit1
D:9:      layout_grid_maze, lair_entry_dummy, nrook_mini_vaults
D:10:     layout_loops_ring, minmay_orc_entry_temple_small,
          serial_park_tiny_pond, corexii_hall_statues_s, minmay_variable_closet,
          uniq_sonja
D:11:     layout_roguey
D:12:     layout_rooms, enter_trove_2, xom_confusion_cloud, uniq_azrael,
          uniq_rupert
D:13:     layout_irregular_city, hangedman_vaults_entry_quadrant_bands,
          st_stairs_12
Lair:1:   layout_gridlike
Lair:2:   gammafunk_boulding_lane, layout_cellular_growth, serial_bayou_shore_a,
          uniq_erica
Lair:3:   layout_regular_city, dummy_spider_entry, serial_forest,
          infiniplex_forest_straight_4, infiniplex_forest_lined_ring,
          infiniplex_forest_clump_diagonal, infiniplex_forest_clump_tiny,
          infiniplex_forest_lined_3, infiniplex_forest_straight_5
Lair:4:   layout_loops_ring, elwin_shoals_entry_stream, basic_altar,
          nzn_sisyphean_effort
Lair:5:   layout_regular_city
Lair:6:   minmay_lair_end_enchanted_forest, layout_hall_layers,
          minmay_slime_entry_pillars, lookout_lair_type,
          cheibrodos_lair_lostbears, uniq_snorg
Shoals:1: layout_shoals, serial_shops, nicolae_shop_bloodbath_and_beyond
Spider:1: layout_spider_delve
Spider:2: layout_spider_delve, gammafunk_ghost_tricky_traps,
          hangedman_spider_tarantella_strand
Orc:1:    layout_caves, minmay_orc_keep, uniq_jorgrun
Orc:2:    st_orc_rangers, layout_caves, basic_altar

Skill      XL: |  1  2  3  4  5  6  7  8  9 10 11 12 13 14 15 16 |
---------------+-------------------------------------------------+-----
Axes           | 3 4 6 7 8 9 10 11 12 13 14 | 14.9
Armour         | 4 5 6 7 8 9 10 11 12 | 12.5
Shields        | 4 5 6 7 8 9 10 11 13 | 13.0
Invocations    | 2 4 5 7 8 9 10 11 | 11.0
Maces & Flails | 1 3 4 6 8 9 10 11 | 11.7
Polearms       | 1 3 5 6 7 8 9 |  9.2
Throwing       | 5 6 7 8 9 |  9.9
Evocations     | 6 7 10 11 13 | 13.1
Fighting       | 4 6 8 10 | 10.1

Action                   |  1- 3 |  4- 6 |  7- 9 | 10-12 | 13-15 | 16-18 || total
-------------------------+-------+-------+-------+-------+-------+-------++-------
Melee: War axe           |   115 |   121 |   306 |   185 |       |       ||   727
       Flail             |       |       |       |    46 |    85 |       ||   131
       Broad axe         |       |       |       |   215 |  1685 |   449 ||  2349
       Morningstar       |       |       |       |       |    23 |   125 ||   148
Throw: Stone             |       |       |     5 |       |       |       ||     5
       Dart              |       |       |    13 |     8 |       |     5 ||    26
       Boomerang         |       |       |       |    22 |   353 |       ||   375
       Javelin           |       |       |       |     2 |     5 |    23 ||    30
Invok: Heroism           |       |       |     3 |     2 |     2 |       ||     7
       Finesse           |       |       |       |     6 |    11 |     4 ||    21
Evoke: Wand              |       |       |       |       |     2 |     2 ||     4
  Use: Potion            |       |     1 |     1 |     3 |     3 |     7 ||    15
       Scroll            |       |       |    17 |    11 |     5 |     3 ||    36
Armor: Scale mail        |    44 |       |       |       |       |       ||    44
       Plate armour      |    25 |    64 |   161 |   128 |   510 |   382 ||  1270
       Skin              |       |       |       |       |       |    27 ||    27
Dodge: Dodged            |    31 |    22 |    95 |   106 |   318 |   205 ||   777
Block: Buckler           |     7 |       |       |       |       |       ||     7
       Kite shield       |    42 |    56 |   173 |   418 |  1461 |       ||  2150
       Tower shield      |       |       |       |       |   130 |   817 ||   947

Table legend: (Time is in decaauts)
 A = Elapsed time spent in this place.
 B = Non-inter-level travel time spent in this place.
 C = Inter-level travel time spent in this place.
 D = Time resting spent in this place.
 E = Time spent auto-exploring this place.
 F = Levels seen in this place.
 G = Mean time per level.
                   A        B        C        D        E       F      G
               +--------+--------+--------+--------+--------+-----+--------+
         Total |  34986 |  33412 |   1574 |  11412 |  13959 |  24 | 1457.8 |
       Dungeon |  17074 |  16113 |    961 |   4378 |   8287 |  13 | 1313.4 |
          Lair |  11306 |  10860 |    446 |   4135 |   4120 |   6 | 1884.3 |
        Shoals |     22 |     22 |      0 |      0 |      0 |   1 |   22.0 |
   Spider Nest |   4094 |   4048 |     46 |   2153 |    835 |   2 | 2047.0 |
  Orcish Mines |   2489 |   2370 |    119 |    745 |    715 |   2 | 1244.5 |
               +--------+--------+--------+--------+--------+-----+--------+

Top non-repeatable levels by time:
Spider:1: 2573 daAuts
  Lair:2: 2429 daAuts
  Lair:1: 2411 daAuts
     D:9: 2051 daAuts
  Lair:6: 2029 daAuts
  Lair:3: 1987 daAuts
    D:10: 1963 daAuts
     D:8: 1624 daAuts
Spider:2: 1520 daAuts
  Lair:4: 1458 daAuts
     D:5: 1402 daAuts
   Orc:1: 1324 daAuts
     D:7: 1318 daAuts
    D:11: 1300 daAuts
     D:6: 1201 daAuts
